 Dungeon Crawl Stone Soup version 0.31.0-12-g77e489cdc1 (webtiles) character file.

Game seed: 11077228580009943471

19111 Curundu the Cleaver (level 12, -5/105 HPs)
             Began as a Minotaur Berserker on Feb 24, 2024.
             Was a High Priest of Trog.
             Slain by a balrug
             ... wielding a +0 demon whip
              (17 damage)
             ... on level 2 of the Abyss on Feb 25, 2024.
             The game lasted 00:37:52 (9582 turns).

Curundu the Cleaver (Minotaur Berserker)            Turns: 9582, Time: 00:37:53

Health: -5/105     AC: 23    Str: 26      XL:     12   Next: 33%
Magic:  11/11      EV: 15    Int:  4      God:    Trog [*****.]
Gold:   605        SH:  5    Dex: 10 (11) Spells: 11/11 levels left

rFire   . . .        w - +2 broad axe (heavy)
rCold   + . .        A - +0 buckler
rNeg    . . .        s - +3 plate armour
rPois   .            (helmet restricted)
rElec   .            m - +0 cloak
rCorr   .            (no gloves)
SInv    .            a - +3 pair of mountain boots {steadfast, rC+}
Will    ++...        c - amulet of regeneration Stlth
                     h - +5 ring of evasion
HPRegen 2.17/turn    (no ring)
MPRegen 0.12/turn

%: no passive effects
@: strong-willed, regenerating
A: horns 2, retaliatory headbutt, deterioration 1
a: Renounce Religion, Berserk, Trog's Hand, Brothers in Arms


You were on level 2 of the Abyss.
You worshipped Trog.
Trog was extremely pleased with you.
You visited 1 branch of the dungeon, and saw 12 of its levels.
You visited the Abyss 1 time.

You collected 605 gold pieces.

Inventory:

Hand Weapons
 w - a +2 heavy broad axe (weapon)
 B - a +3 hand axe of flaming
 D - a +4 scimitar of flaming
Missiles
 o - 2 throwing nets
 u - 5 boomerangs (quivered)
Armour
 a - the +3 pair of mountain boots (worn) {steadfast, rC+}
   (You acquired it on level 7 of the Dungeon)

   Steadfast: It prevents involuntary movement, except for blinking,
   teleportation, or banishment.
   rC+:       It protects you from cold.
 m - a +0 cloak (worn)
 s - a +3 plate armour (worn)
 A - a +0 buckler (worn)
Jewellery
 c - an amulet of regeneration (around neck)
 h - a +5 ring of evasion (left hand)
 C - a ring of positive energy
Wands
 n - a wand of polymorph (11)
 y - a wand of roots (5)
 z - a wand of flame (38)
 E - a wand of mindburst (9)
Scrolls
 e - 5 scrolls of identify
 g - 2 scrolls of blinking
 j - 4 scrolls of teleportation
 t - a scroll of revelation
 F - a scroll of fog
Potions
 b - a potion of degeneration
 d - a potion of haste
 f - a potion of cancellation
 i - a potion of attraction
 k - 3 potions of heal wounds
 l - a potion of invisibility {unknown}
 p - 4 potions of ambrosia
 q - 6 potions of curing
 r - 4 potions of might
 v - 2 potions of mutation
 x - 4 potions of lignification


   Skills:
 + Level 9.4 Fighting
 + Level 12.8 Axes
 - Level 11.1 Staves
 + Level 10.7 Armour
 * Level 8.8 Dodging
 - Level 2.0 Stealth
 * Level 7.5 Shields


You had 11 spell levels left.
You didn't know any spells.
Your spell library was empty.

Dungeon Overview and Level Annotations

Branches:
Dungeon (12/15)            Temple (0/1) D:7            Lair (0/5) D:10
    Orc (0/2) D:9

Altars:
Xom

Shops:
D:7 *[((   D:8 =

Portals:
Trove: D:10 (give +3 storm dragon scales)

Annotations:
D:12 Sonja


Innate Abilities, Weirdness & Mutations

You have a pair of horns on your head.
You reflexively headbutt those who attack you in melee.
Your body sometimes deteriorates upon taking damage.


Message History

Something smites you!
Your body deteriorates!
You feel clumsy. 2 sun demons come into view.
The sun demon shouts!
The balrug gestures at you. The bolt of fire misses you.
You hit the balrug but do no damage. Your headbutt misses the balrug.
The balrug hits you but does no damage. The balrug gestures at you.
Something smites you!
You miss the balrug. You headbutt the balrug.
The balrug is lightly wounded.
You barely miss the sun demon. The sun demon closely misses you.
You furiously retaliate!
You headbutt the sun demon.
The balrug hits you with a +0 demon whip!!
You are engulfed in flames!!
The sun demon misses you. You furiously retaliate!
You headbutt the sun demon!
The balrug hits you with a +0 demon whip!
You are engulfed in flames!!
* * * LOW HITPOINT WARNING * * *
You slice the balrug!!
The balrug is heavily wounded.
You hit the sun demon.
The sun demon hits you but does no damage.
The balrug hits you but does no damage. The balrug gestures at you.
The bolt of fire misses you.
You feel much better. You block the sun demon's attack.
The balrug completely misses you. You furiously retaliate!
You headbutt the balrug. You miss the balrug.
The balrug is heavily wounded.
You barely miss the sun demon. You slice the sun demon!!
The sun demon hits you but does no damage.
The sun demon hits you!
You are engulfed in flames!
* * * LOW HITPOINT WARNING * * *
The balrug hits you with a +0 demon whip!
* * * LOW HITPOINT WARNING * * *
You are engulfed in flames!
You die...

##.#....##.#.##.
# .. .#
#....#.... .#. ♣
. #..#.##.# .##.
..# ...##.# . .
# #..##....# . #
##.#.# #.#..# .
. ..#.### # #@3#
#23# ..#..
.###..# .. #..#
.. #.# .## ## ..


You could see a balrug and 2 sun demons.

Vanquished Creatures
  A rakshasa (D:10)
  A centaur warrior (D:10)
  A boulder beetle (D:10)
  5 death yaks (D:10)
  A large abomination (Abyss:2)
  Pikel (D:6)
  A cyclops (D:10)
  2 ugly things (D:11)
  A worldbinder (Abyss:2)
  Maggie (D:10)
  An unseen horror (D:11)
  An efreet (Abyss:2)
  An ancient zyme (Abyss:2)
  2 trolls (D:11)
  8 starcursed masses (Abyss:2)
  A queen bee (D:10)
  A merfolk (D:9)
  A hornet (D:9)
  4 raiju (Abyss:2)
  The ghost of Gadfly the Trooper, an amateur OnBe of Trog (D:4)
  2 shadows
  4 wraiths
  A wyvern (D:10)
  8 yaks
  A neqoxec (Abyss:2)
  2 steam dragons
  2 water moccasins
  Duvessa (D:7)
  4 ice beasts
  4 orc warriors
  5 centaurs
  2 lemures (D:6)
  2 phantoms
  A kobold brigand (D:9)
  3 bullfrogs
  2 gnoll sergeants (D:9)
  2 weeping skulls (Abyss:2)
  4 scorpions
  Dowan (D:7)
  7 wights
  25 killer bees
  An electric eel (D:8)
  8 howler monkeys
  A bombardier beetle (D:5)
  8 hounds
  9 orc priests
  An iguana (D:4)
  4 jellies
  Crazy Yiuf (D:3)
  3 sleepcaps
  Terence (D:3)
  Natasha (thrice) (D:2)
  13 orc wizards
  6 gnolls (D:9)
  10 adders
  A howler monkey simulacrum (D:8)
  2 white imps
  An ufetubus (D:8)
  A dart slug (D:1)
  A ribbon worm (D:3)
  39 orcs
  2 endoplasms
  3 giant cockroaches (D:1)
  6 goblins
  7 hobgoblins
  6 jackals (D:1)
  6 kobolds
  4 quokkas
  5 ball pythons
  4 bats
  10 frilled lizards
  4 rats
290 creatures vanquished.

Vanquished Creatures (others)
  An occultist (Abyss:2)
  A bombardier beetle (D:6)
2 creatures vanquished.

Grand Total: 292 creatures vanquished

Notes
Turn   | Place    | Note
-------+----------+-------------------------------------------
     0 | D:1      | Curundu the Minotaur Berserker began the quest for the Orb.
     0 | D:1      | Reached XP level 1. HP: 19/19 MP: 0/0
   131 | D:1      | Reached XP level 2. HP: 20/27 MP: 1/1
   195 | D:1      | Reached skill level 4 in Axes
   338 | D:1      | Reached ** piety under Trog
   383 | D:1      | Reached XP level 3. HP: 32/33 MP: 2/2
   933 | D:2      | Found a faded altar of an unknown god.
  1386 | D:2      | Noticed Natasha
  1390 | D:2      | Killed Natasha
  1391 | D:2      | Reached skill level 5 in Axes
  1391 | D:2      | Reached XP level 4. HP: 29/40 MP: 3/3
  1541 | D:2      | Noticed Natasha
  1550 | D:2      | Killed Natasha
  1663 | D:2      | Noticed Natasha
  1669 | D:2      | Killed Natasha
  1670 | D:2      | Reached XP level 5. HP: 43/47 MP: 4/4
  2119 | D:3      | Found a runed translucent door.
  2120 | D:3      | Noticed Crazy Yiuf
  2127 | D:3      | Killed Crazy Yiuf
  2168 | D:3      | Noticed Terence
  2170 | D:3      | Killed Terence
  2574 | D:3      | Reached skill level 6 in Axes
  2665 | D:4      | Reached skill level 1 in Stealth
  2665 | D:4      | Reached XP level 6. HP: 53/53 MP: 5/5
  2693 | D:4      | Reached skill level 1 in Staves
  2758 | D:4      | Noticed Gadfly's ghost (amateur OnBe)
  2759 | D:4      | Found a transporter.
  2779 | D:4      | Found a transporter.
  2797 | D:4      | Reached *** piety under Trog
  2877 | D:4      | Identified the +1 helmet of Huyppyudwi {+Blink rElec Str-3
                  | SInv}
  3019 | D:4      | Reached skill level 5 in Fighting
  3043 | D:4      | Reached XP level 7. HP: 58/61 MP: 6/6
  3208 | D:4      | Killed Gadfly's ghost
  3322 | D:5      | Entered Level 5 of the Dungeon
  3452 | D:5      | Reached skill level 5 in Staves
  3744 | D:5      | Reached XP level 8. HP: 68/68 MP: 7/7
  4178 | D:6      | Reached skill level 5 in Armour
  4179 | D:6      | Noticed Pikel
  4212 | D:6      | Killed Pikel
  4213 | D:6      | Reached XP level 9. HP: 41/75 MP: 8/8
  4353 | D:6      | Reached skill level 10 in Staves
  4359 | D:6      | Reached skill level 5 in Dodging
  4786 | D:7      | Found Tunio's Assorted Antiques.
  4954 | D:7      | Identified a scroll of acquirement
  4954 | D:7      | Acquired the +3 pair of mountain boots {steadfast, rC+}
  4954 | D:7      | Found the +3 pair of mountain boots {steadfast, rC+}
  5014 | D:7      | Found Bojiunnon's Weapon Boutique.
  5084 | D:7      | Noticed Duvessa
  5088 | D:7      | Noticed Dowan
  5101 | D:7      | Killed Duvessa
  5114 | D:7      | Killed Dowan
  5331 | D:7      | Found a staircase to the Ecumenical Temple.
  5673 | D:7      | Found Ximulail's Antique Armour Boutique.
  5708 | D:7      | Found Noqig's Weapon Shoppe.
  5795 | D:8      | Found Biatoil's Jewellery Shop.
  5864 | D:8      | Reached skill level 1 in Shields
  5879 | D:8      | Reached **** piety under Trog
  5891 | D:8      | Reached XP level 10. HP: 74/86 MP: 9/9
  5908 | D:8      | Reached skill level 7 in Axes
  6685 | D:9      | Found a shimmering altar of Xom.
  6696 | D:9      | Reached skill level 8 in Axes
  7115 | D:9      | Found a staircase to the Orcish Mines.
  7437 | D:9      | Reached skill level 9 in Axes
  7602 | D:10     | Entered Level 10 of the Dungeon
  7649 | D:10     | Reached ***** piety under Trog
  7724 | D:10     | Reached XP level 11. HP: 92/94 MP: 10/10
  7748 | D:10     | Noticed a death yak
  7748 | D:10     | Noticed a death yak
  7748 | D:10     | Noticed a death yak
  7749 | D:10     | Noticed a death yak
  7749 | D:10     | Noticed a death yak
  7750 | D:10     | Found a staircase to the Lair.
  7752 | D:10     | Noticed Maggie
  7761 | D:10     | Killed a death yak
  7762 | D:10     | Reached skill level 5 in Shields
  7768 | D:10     | Killed a death yak
  7771 | D:10     | Killed a death yak
  7772 | D:10     | Reached skill level 10 in Axes
  7785 | D:10     | Killed a death yak
  7809 | D:10     | Killed a death yak
  7820 | D:10     | Killed Maggie
  8016 | D:10     | Found a portal to a secret trove of treasure.
  8162 | D:10     | Noticed a rakshasa
  8184 | D:10     | Killed a rakshasa
  8185 | D:10     | Reached skill level 11 in Axes
  8243 | D:10     | Noticed a centaur warrior
  8248 | D:10     | Killed a centaur warrior
  8249 | D:10     | Reached skill level 10 in Armour
  8390 | D:10     | Noticed a boulder beetle
  8402 | D:10     | Killed a boulder beetle
  8670 | D:11     | Noticed a white ugly thing
  8677 | D:11     | Killed a white ugly thing
  8818 | D:11     | Identified the +4 leather armour "Qeolayma" {Dex+4}
  8904 | D:11     | Reached skill level 12 in Axes
  8916 | D:11     | Noticed a green ugly thing
  8922 | D:11     | Killed a green ugly thing
  8923 | D:11     | Reached XP level 12. HP: 74/104 MP: 11/11
  9252 | D:12     | Noticed Sonja
  9261 | Abyss:2  | Cast into level 2 of the Abyss (Sonja)
  9510 | Abyss:2  | Noticed a starcursed mass
  9516 | Abyss:2  | Paralysed by accursed screaming for 1 turns
  9542 | Abyss:2  | Gained mutation: Your body sometimes deteriorates upon
                  | taking damage. [a neqoxec]
  9574 | Abyss:2  | Noticed a balrug
  9582 | Abyss:2  | Slain by a balrug

Illustrated notes

Levels and vault maps discovered:
D:1:      psy_arrival_radial02, layout_basic
D:2:      layout_basic, hellmonk_ecumenical_altar_arch_garden, uniq_natasha
D:3:      layout_basic, uniq_terence, uniq_crazy_yiuf_cottage
D:4:      layout_rooms, gammafunk_ghost_arena, patterned_corridor
D:5:      layout_loops_ring
D:6:      layout_rooms, minmay_alternating_orb, uniq_pikel
D:7:      layout_basic, minmay_temple_entry_arrows, serial_shops,
          nicolae_shop_tiny_real_fake_doors, nicolae_shop_real_fake_doors,
          nicolae_shop_statue_plus, nicolae_stop_n_shop_1, uniq_duvessa
D:8:      layout_rooms, serial_shops, shop, serial_ice, serial_ice_d,
          serial_ice_l, serial_ice_a, serial_ice_e, serial_ice_m
D:9:      layout_roguey, xom_teletrap_fun, hiddenorc1_lemuel,
          roderic_serpentine_path, hangedman_fish_farm
D:10:     minmay_cornered_nines, layout_gridville, dpeg_lair_monsters,
          enter_trove_2, enter_bailey_6, minivault_7, uniq_maggie
D:11:     layout_small_grid
D:12:     layout_long_grid, uniq_sonja, uniq_jorgrun, uniq_urug
Abyss:2:  base:
Bailey

Skill      XL: |  1  2  3  4  5  6  7  8  9 10 11 12 |
---------------+-------------------------------------+-----
Fighting       | 4 5 6 7 9 |  9.4
Axes           | 4 5 6 9 12 | 12.8
Dodging        | 3 4 5 6 8 |  8.8
Stealth        | 1 2 |  2.0
Staves         | 2 6 9 11 | 11.1
Armour         | 3 4 6 8 9 10 | 10.7
Shields        | 1 4 6 7 |  7.5

Action                     |  1- 3 |  4- 6 |  7- 9 | 10-12 || total
---------------------------+-------+-------+-------+-------++-------
  Melee: Hand axe          |    78 |    29 |    96 |     9 ||   212
         Headbutt          |    12 |     8 |    35 |    93 ||   148
         Quarterstaff      |       |    43 |    99 |       ||   142
         War axe           |       |       |       |   282 ||   282
         Broad axe         |       |       |       |   133 ||   133
 Invoke: Trog's Hand       |     1 |     2 |     4 |    13 ||    20
         Berserk           |       |     1 |     2 |     2 ||     5
    Use: Scroll            |       |       |    24 |     3 ||    27
         Potion            |       |       |       |     2 ||     2
   Stab: Sleeping          |     1 |       |       |       ||     1
         Distracted        |       |     1 |       |       ||     1
 Armour: Animal skin       |    53 |    23 |       |       ||    76
         Chain mail        |       |    15 |       |       ||    15
         Plate armour      |       |     7 |   225 |   442 ||   674
  Dodge: Dodged            |    61 |    55 |    98 |   290 ||   504
  Block: Buckler           |       |       |    19 |   108 ||   127
